 Dungeon Crawl Stone Soup version 0.18-a0-917-g8a3da5b (webtiles) character file.

117589 4thArraOfDagon the Phalangite (level 16, -2/125 HPs)
             Began as a Merfolk Fighter on Dec 26, 2015.
             Was an Elder of Makhleb.
             Killed from afar by a balrug (46 damage)
             ... with a bolt of fire
             ... summoned by the player character
             ... on level 15 of the Dungeon.
             The game lasted 01:28:29 (14274 turns).

4thArraOfDagon the Phalangite (Merfolk Fighter)    Turns: 14274, Time: 01:28:29

Health: -2/125     AC: 18    Str: 18    XL:     16   Next: 39%
Magic:  22/22      EV: 25    Int: 13    God:    Makhleb [****..]
Gold:   510        SH:  0    Dex: 18    Spells: 6 memorised, 10 levels left

rFire  . . .     SeeInvis .     c - +1 halberd (venom)
rCold  . . .     Gourm    .     U - +0 troll leather armour
rNeg   . . .     Faith    .     (shield currently unavailable)
rPois  .         Spirit   .     (helmet restricted)
rElec  .         Dismiss  .     m - +0 cloak
rCorr  +         Reflect  .     P - +0 pair of gloves {archery}
SustAt +         Harm     .     b - +2 pair of boots
MR     ++...     Clarity  +     d - amulet of resist corrosion
Stlth  +.........               t - ring of sustain attributes
                                Q - +4 ring of intelligence

@: very resistant to hostile enchantments, very unstealthy
A: change form in water, swift swim, antennae 1, iridescent scales 1, rough
black scales 1, agile 1, clarity, magic resistance 1, wild magic 1
a: Minor Destruction, Lesser Servant of Makhleb, Major Destruction, Renounce
Religion
}: 1/15 runes: barnacled


You were on level 15 of the Dungeon.
You worshipped Makhleb.
Makhleb was greatly pleased with you.
You were hungry.

You visited 6 branches of the dungeon, and saw 30 of its levels.
You visited 1 bazaar.
You also visited: Labyrinth and Sewer.

You collected 2322 gold pieces.
You spent 1812 gold pieces at shops.

Inventory:

Hand Weapons
 a - a +2 blowgun
 c - a +1 halberd of venom (weapon)
 D - a +4 trident of freezing
Missiles
 r - 5 throwing nets (quivered)
 R - 4 curare-tipped needles
Armour
 b - a +2 pair of boots (worn)
 m - a +0 cloak (worn)
 P - a +0 pair of gloves of archery (worn)
 T - the +5 ring mail of Free Expression {+Blink Int+6}
   (You found it on level 10 of the Dungeon)

   It affects your intelligence (+6).
   It lets you blink.
 U - a +0 troll leather armour (worn)
Rods
 o - a +1 iron rod (14/14)
   (You took it off a minotaur in a labyrinth)
Jewellery
 d - an amulet of resist corrosion (around neck)
 t - a ring of sustain attributes (right hand)
 B - an uncursed ring of fire
 Q - a +4 ring of intelligence (left hand)
Wands
 i - a wand of hasting (1/9)
 v - a wand of disintegration (1/24)
 G - a wand of digging (14/24)
 H - a wand of digging (6/24)
 V - a wand of digging (6/24)
 Z - a wand of fire (10/15)
Scrolls
 e - 5 scrolls of fog
 g - a scroll of magic mapping
 h - a scroll of torment
 j - 2 scrolls of identify
 l - a scroll of brand weapon
 s - a scroll of enchant weapon
 u - 2 scrolls of recharging
 x - 2 scrolls of teleportation
 y - 7 scrolls of remove curse
 I - 8 scrolls of enchant armour
 J - a scroll of holy word
 M - a scroll of vulnerability
 N - 2 scrolls of summoning
 W - a scroll of immolation
 X - 3 scrolls of fear
Potions
 n - 3 potions of berserk rage
 p - a potion of might
 w - a potion of resistance
 z - a potion of agility
 A - 3 potions of flight
 C - 3 potions of cure mutation
 E - a potion of cancellation
 K - a potion of ambrosia
 L - 2 potions of heal wounds
 S - a potion of brilliance
 Y - 2 potions of curing
Miscellaneous
 F - a phantom mirror
 O - a box of beasts
Comestibles
 f - 11 bread rations
 k - 10 beef jerkies
 q - 9 meat rations


   Skills:
 - Level 11.2 Fighting
 * Level 25.0 Polearms
 - Level 4.0 Armour
 + Level 16.6 Dodging
   Level 3.0 Shields
 + Level 2.7 Spellcasting
 - Level 4.0 Charms
 - Level 2.3 Air Magic
 - Level 3.4 Poison Magic
 - Level 8.5 Invocations
 - Level 6.0 Evocations


You had 10 spell levels left.
You knew the following spells:

 Your Spells              Type           Power        Failure   Level  Hunger
a - Repel Missiles        Chrm/Air       ###...       26%         2    ###....
b - Swiftness             Chrm/Air       ###.....     26%         2    ###....
c - Sublimation of Blood  Necr           #.........   61%         2    ###....
d - Cure Poison           Pois           ###.......   22%         2    ###....
e - Apportation           Tloc           #.........   45%         1    #......
f - Animate Skeleton      Necr           N/A          45%         1    #......


Dungeon Overview and Level Annotations

Branches:
Dungeon (15/15)            Temple (1/1) D:6            Lair (8/8) D:11
 Shoals (4/4) Lair:6        Snake (0/4) Lair:4          Orc (2/2) D:9
    Elf (1/3) Orc:2        Vaults (0/5) D:13         Depths (0/5) D:15
  Slime: Lair:6-8

Altars:
Cheibriados
Dithmenos
Elyvilon
Fedhas
Kikubaaqudgha
Makhleb
Nemelex Xobeh
Okawaru
Pakellas
Qazlal
Ru
Sif Muna
Vehumet
Xom
Yredelemnul
Zin
Beogh

Shops:
Orc:2 *}*:   Shoals:3 [

Annotations:
D:8 filipzpl's ghost, novice DrBe
D:11 4thArraOfDagon's ghost, novice FeFi
Lair:4 SNAKE
Lair:6 exclusion: oklob plant
Lair:7 exclusion: oklob plant
Lair:8 Nessos
Shoals:2 exclusion: Roxanne, Polyphemus; Roxanne


Innate Abilities, Weirdness & Mutations

You revert to your normal form in water.
You are very nimble and swift while swimming.
You have a pair of small antennae on your head.
You are partially covered in iridescent scales (AC +4).
You are partially covered in rough black scales (AC +4, Dex -1).
You are agile. (Dex +2)
You possess an exceptional clarity of mind.
You are resistant to hostile enchantments.
Your spells are a little harder to cast, but a little more powerful.


Message History

You can no longer summon a greater servant of Makhleb.
Unknown command.
Unknown command.
Unknown command.
Unknown command.
The balrug gestures at you. The bolt of fire hits you!
Unknown command.
Read which item? (? for menu, Esc to quit)
Okay, then.
Unknown command.
The balrug gestures at you.
The fireball explodes!
The fireball engulfs you!
Unknown command.
Unknown command.
Unknown command.
Unknown command.
The balrug gestures at you. The bolt of fire hits you!
You die...

.#.#.#...#.#..##
#§#..#)######...
...#...#...#...###....#)# #...
.#...#.#.#...#..#..§.##)# #...
.#...#.#.#..C#.##.#..##.# #...
...#...#...#.2.##.#..##.### #...
##.#.#...#.#.#..#.#........ #
#############"...#........######
#............(.........
######@.#..######...### ##.#...#
###..# #.#.#.## ##.# #.#.#..##
#)# #.#.##..## #.## #.#.###..#
#..# #.#.# ##.# ##.# #.#.# #.#
#). #<..# #.### ###


You could see a frost giant and a balrug.

Vanquished Creatures
  Maud (Lair:8)
  A minotaur (Lab)
  A merfolk javelineer (Shoals:4)
  A merfolk impaler (Shoals:4)
  A vault guard (D:13)
  2 hydras (D:15)
  3 merfolk aquamancers
  A catoblepas (Shoals:2)
  An alligator snapping turtle (Shoals:3)
  3 merfolk avatars
  An ogre mage (D:15)
  A tengu warrior (D:14)
  9 death yaks
  An orc high priest (Orc:2)
  An unseen horror (D:15)
  5 skeletal warriors
  7 sea snakes
  3 hill giants
  A deep elf mage (D:12)
  9 griffons
  5 harpies
  2 orc sorcerers (Orc:2)
  3 orc knights (Orc:2)
  2 fauns
  5 sirens
  12 manticores
  2 water nymphs
  3 centaur zombies
  2 cyclopes
  12 elephants
  21 spiny frogs
  5 black mambas
  A tengu conjurer (D:14)
  A freezing wraith (D:15)
  A fire drake (Lair:2)
  9 komodo dragons
  A yaktaur (D:15)
  13 merfolk
  5 giant leeches (Lair:8)
  A harpy zombie (D:15)
  6 trolls
  5 slime creatures (D:13)
  2 polar bears
  6 two-headed ogres
  2 wind drakes (Shoals:1)
  The ghost of dvd the Insei, an amateur MfTm (Sewer)
  A boulder beetle (Lair:5)
  13 blink frogs
  A trapdoor spider (D:13)
  7 water elementals
  A spriggan (Lair:2)
  A vampire (D:15)
  11 snapping turtles
  A spriggan (shapeshifter) (D:15)
  2 hippogriffs (Lair:8)
  25 yaks
  7 wyverns
  4 hungry ghosts
  7 vampire mosquitoes (Lair:8)
  2 basilisks
  22 wolves
  2 steam dragons
  2 mottled dragons
  8 water moccasins
  5 porcupines
  6 wargs
  3 black bears
  3 ice beasts
  2 sky beasts
  31 orc warriors
  10 ogres
  10 crocodiles
  10 centaurs
  23 giant frogs
  A big kobold (D:10)
  A scorpion (D:14)
  A wyvern zombie (D:14)
  5 killer bees (D:11)
  6 wights
  3 electric eels (Lair:8)
  A quasit (D:8)
  2 giant frog zombies
  28 orc wizards
  4 centaur skeletons
  6 crimson imps
  A wasp zombie (D:7)
  9 iguanas
  18 orc priests
  A jelly (D:7)
  2 giant frog skeletons (D:12)
  4 hounds
  7 worker ants
  22 sheep
  A hound skeleton (D:7)
  A worker ant zombie (D:7)
  7 adders
  A shadow imp (D:9)
  15 river rats
  70 orcs
  5 bats
  2 giant cockroaches (D:1)
  4 hobgoblins (D:1)
  13 jackals
  2 quokkas
  4 ball pythons
  A giant gecko (D:1)
  4 goblins
  15 kobolds
  9 rats
677 creatures vanquished.

Vanquished Creatures (collateral kills)
  Ilsuiw (Shoals:4)
  3 merfolk javelineers (Shoals:4)
  A merfolk avatar (Shoals:4)
  A death yak (Lair:6)
  2 skeletal warriors (D:15)
  4 harpies (Shoals:4)
  An orc knight (D:15)
  A griffon (Shoals:4)
  2 cyclopes
  3 orc sorcerers (Orc:2)
  A manticore (Shoals:1)
  2 sirens (Shoals:4)
  2 ugly things (D:12)
  A centaur skeleton (D:13)
  2 komodo dragons (Lair:2)
  A gargoyle (D:12)
  8 merfolk (Shoals:4)
  2 wind drakes (Shoals:4)
  A slime creature (D:13)
  A snapping turtle (Shoals:4)
  A water elemental (Shoals:4)
  2 wraiths
  2 orc warriors (D:15)
  A centaur (D:15)
  2 giant frogs (Lair:8)
  2 electric eels (Lair:8)
  An orc priest (Orc:2)
  An orc wizard (Orc:2)
  2 orcs (D:12)
54 creatures vanquished.

Vanquished Creatures (others)
  A cyclops (Shoals:1)
  2 orc priests (Orc:2)
  An orc (D:12)
  12 fungi
  19 plants
35 creatures vanquished.

Grand Total: 766 creatures vanquished

Notes
Turn   | Place    | Note
--------------------------------------------------------------
     0 | D:1      | 4thArraOfDagon the Merfolk Fighter began the quest for the Orb.
     0 | D:1      | Reached XP level 1. HP: 18/18 MP: 1/1
    47 | D:1      | Reached XP level 2. HP: 21/24 MP: 2/2
   159 | D:1      | Reached skill level 4 in Polearms
   173 | D:2      | You fall through a shaft!
   196 | D:2      | Reached XP level 3. HP: 13/29 MP: 3/3
   311 | D:3      | Found a radiant altar of Vehumet.
   340 | D:3      | Reached skill level 5 in Polearms
   340 | D:3      | Reached XP level 4. HP: 25/37 MP: 4/4
   432 | D:3      | Found a stormy altar of Qazlal.
   492 | D:3      | You fall through a shaft for 3 floors!
   516 | D:6      | Reached XP level 5. HP: 23/42 MP: 5/5
   534 | D:6      | Found a glowing drain.
   553 | Sewer    | Entered a sewer
   571 | Sewer    | Reached skill level 6 in Polearms
   658 | Sewer    | Noticed dvd's ghost (amateur MfTm)
   703 | Sewer    | cant kill
   703 | Sewer    | anything
   717 | Sewer    | Killed dvd's ghost
   717 | Sewer    | Reached skill level 7 in Polearms
   717 | Sewer    | Reached XP level 6. HP: 27/49 MP: 6/6
   727 | Sewer    | JokEr: Witam :)
   741 | Sewer    | 4thArraOfDagon: hej
   876 | D:5      | Entered Level 5 of the Dungeon
   936 | D:6      | Found a staircase to the Ecumenical Temple.
   944 | Temple   | Entered the Ecumenical Temple
   990 | Temple   | Became a worshipper of Makhleb the Destroyer
  1026 | D:6      | Reached XP level 7. HP: 50/55 MP: 7/7
  1080 | D:7      | Reached skill level 5 in Fighting
  1080 | D:7      | Reached skill level 8 in Polearms
  1190 | D:7      | Found an oddly glowing altar of Pakellas.
  1374 | D:7      | Got an ancient shortbow
  1399 | D:7      | Reached skill level 9 in Polearms
  1432 | D:7      | Reached XP level 8. HP: 34/64 MP: 8/8
  1437 | D:7      | Found an ancient bone altar of Kikubaaqudgha.
  1473 | D:7      | Reached * piety under Makhleb
  1640 | D:7      | Reached skill level 10 in Polearms
  1640 | D:7      | Reached skill level 1 in Dodging
  1740 | D:8      | Noticed filipzpl's ghost (novice DrBe)
  1844 | D:8      | Noticed a two-headed ogre
  1865 | D:8      | Killed a two-headed ogre
  1957 | D:8      | Reached skill level 11 in Polearms
  1961 | D:8      | Found a basalt altar of Yredelemnul.
  1961 | D:8      | Found an iron altar of Okawaru.
  1961 | D:8      | Found a shadowy altar of Dithmenos.
  1961 | D:8      | Noticed a two-headed ogre
  1969 | D:8      | Killed a two-headed ogre
  1969 | D:8      | Reached XP level 9. HP: 34/71 MP: 9/9
  2164 | D:9      | Found a shimmering altar of Xom.
  2177 | D:9      | smite city
  2177 | D:9      | 24/7
  2192 | D:9      | RIP
  2192 | D:9      | was good char
  2206 | D:9      | Reached ** piety under Makhleb
  2223 | D:9      | Reached skill level 12 in Polearms
  2342 | D:9      | Noticed a centaur zombie
  2384 | D:10     | Entered Level 10 of the Dungeon
  2611 | D:11     | Reached skill level 5 in Dodging
  2814 | D:12     | Noticed a cyan ugly thing
  2837 | D:11     | Noticed 4thArraOfDagon's ghost (novice FeFi)
  2838 | D:11     | Noticed a centaur zombie
  2862 | D:12     | Reached skill level 13 in Polearms
  2970 | D:14     | Noticed a centaur skeleton
  2981 | D:14     | Killed a centaur skeleton
  2981 | D:14     | Reached skill level 1 in Invocations
  2994 | D:15     | Entered Level 15 of the Dungeon
  3002 | D:14     | Reached *** piety under Makhleb
  3039 | D:14     | Reached XP level 10. HP: 80/80 MP: 11/11
  3058 | D:14     | Reached skill level 14 in Polearms
  3115 | D:15     | Noticed a skeletal warrior
  3161 | D:12     | Gained mutation: You possess an exceptional clarity of mind. [mutagenic meat]
  3162 | D:12     | Gained mutation: You are agile. (Dex +2) [mutagenic meat]
  3163 | D:12     | Gained mutation: You are partially covered in iridescent scales (AC +4). [mutagenic meat]
  3365 | D:12     | Noticed a green ugly thing
  3478 | D:13     | Noticed a skeletal warrior
  3502 | D:13     | Killed a skeletal warrior
  3516 | D:13     | Found a gate to the Vaults.
  3516 | D:13     | Noticed a vault guard
  3545 | D:13     | Killed a vault guard
  3545 | D:13     | Reached skill level 15 in Polearms
  3597 | D:13     | Noticed a cyclops
  3616 | D:13     | Killed a cyclops
  3666 | D:13     | Reached XP level 11. HP: 63/89 MP: 14/14
  3791 | D:13     | Reached skill level 5 in Invocations
  3873 | D:13     | Noticed a skeletal warrior
  3873 | D:13     | Noticed a skeletal warrior
  3990 | D:12     | Reached skill level 16 in Polearms
  3995 | D:12     | Gained mutation: You are partially covered in rough black scales (AC +4, Dex -1). [mutagenic meat]
  4112 | D:11     | Noticed a five-headed hydra
  4113 | D:11     | novice
  4127 | D:11     | Reached **** piety under Makhleb
  4363 | D:11     | Found a staircase to the Lair.
  4663 | D:10     | Got a bloodstained ring mail
  4676 | D:10     | Identified the +5 ring mail of Free Expression {+Blink Int+6} (You found it on level 10 of the Dungeon)
  4857 | D:9      | Found a staircase to the Orcish Mines.
  4866 | Orc:1    | Entered Level 1 of the Orcish Mines
  4893 | Orc:1    | Reached ***** piety under Makhleb
  4915 | Orc:1    | Reached skill level 10 in Fighting
  4985 | Orc:1    | Noticed an orc warlord
  4996 | Orc:2    | Entered Level 2 of the Orcish Mines
  4999 | Orc:2    | Noticed an orc knight
  5082 | Orc:2    | Killed an orc knight
  5082 | Orc:2    | Reached skill level 17 in Polearms
  5082 | Orc:2    | Reached skill level 10 in Dodging
  5111 | Orc:2    | Reached XP level 12. HP: 46/97 MP: 15/17
  5418 | Orc:2    | Paralysed by an orc sorcerer for 5 turns
  5738 | Orc:2    | Found a staircase to the Elven Halls.
  5819 | Orc:2    | Noticed an orc high priest
  5825 | Orc:2    | Killed an orc high priest
  5948 | Orc:1    | Found a roughly hewn altar of Beogh.
  5990 | Orc:1    | Reached skill level 18 in Polearms
  6036 | Orc:2    | Reached ****** piety under Makhleb
  6161 | Orc:2    | Found Desuts's Gadget Shop.
  6161 | Orc:2    | Found Vouv's General Store.
  6186 | Orc:2    | Found Oposear's General Store.
  6189 | Orc:2    | Found Resada's Book Boutique.
  6190 | Orc:2    | no weapon
  6190 | Orc:2    | RIP
  6197 | Orc:2    | Bought a scroll of brand weapon for 280 gold pieces
  6197 | Orc:2    | Bought a scroll of teleportation for 42 gold pieces
  6198 | Orc:2    | Bought a potion of beneficial mutation for 525 gold pieces
  6198 | Orc:2    | Bought a scroll of teleportation for 45 gold pieces
  6198 | Orc:2    | Gained mutation: You have a pair of small antennae on your head. [potion of beneficial mutation]
  6199 | Orc:2    | Gained mutation: You are resistant to hostile enchantments. [potion of beneficial mutation]
  6200 | Orc:2    | Gained mutation: Your spells are a little harder to cast, but a little more powerful. [potion of beneficial mutation]
  6302 | Elf:1    | Entered Level 1 of the Elven Halls
  6636 | Lair:1   | Entered Level 1 of the Lair of Beasts
  6994 | Lair:2   | Reached XP level 13. HP: 89/106 MP: 19/19
  7150 | Lair:2   | Reached skill level 19 in Polearms
  7870 | Lair:5   | Found a labyrinth entrance.
  7943 | Lab      | Entered a labyrinth
  8009 | Lab      | Noticed a minotaur
  8026 | Lab      | Killed a minotaur
  8026 | Lab      | Reached skill level 20 in Polearms
  8051 | Lab      | Learned a level 2 spell: Repel Missiles
  8054 | Lab      | Learned a level 2 spell: Swiftness
  8058 | Lab      | Learned a level 2 spell: Sublimation of Blood
  8218 | Lair:7   | Reached skill level 1 in Evocations
  8292 | Lair:6   | Found a staircase to the Shoals.
  8533 | Lair:8   | Entered Level 8 of the Lair of Beasts
  8533 | Lair:8   | Noticed Maud
  8543 | Lair:8   | Killed Maud
  8798 | Lair:8   | Noticed Nessos
  8904 | Lair:8   | Reached XP level 14. HP: 86/113 MP: 20/20
  8969 | Lair:8   | Reached skill level 21 in Polearms
  9541 | Lair:6   | Reached skill level 5 in Evocations
  9591 | Shoals:1 | Entered Level 1 of the Shoals
  9779 | Shoals:1 | Found a flickering gateway to a bazaar.
  9790 | Bazaar   | Entered a bazaar
  9790 | Bazaar   | Found Atzep's Food Emporium.
  9791 | Bazaar   | Found Hirutopt's Magic Scroll Boutique.
  9800 | Bazaar   | Found Kucuucwi's Jewellery Boutique.
  9827 | Bazaar   | Found Eboxar's Assorted Antiques.
  9836 | Bazaar   | Found Jiops's Food Boutique.
  9860 | Bazaar   | Bought a scroll of enchant armour for 97 gold pieces
  9860 | Bazaar   | Bought a scroll of fog for 26 gold pieces
  9860 | Bazaar   | Bought a scroll of fog for 26 gold pieces
  9860 | Bazaar   | Bought a scroll of magic mapping for 45 gold pieces
  9860 | Bazaar   | Bought a scroll of identify for 26 gold pieces
  9860 | Bazaar   | Bought a scroll of identify for 26 gold pieces
  9860 | Bazaar   | Bought a scroll of identify for 26 gold pieces
  9873 | Bazaar   | Bought an uncursed amulet of resist corrosion for 360 gold pieces
  9978 | Shoals:2 | Noticed Roxanne
 10107 | Shoals:2 | Reached skill level 22 in Polearms
 10129 | Shoals:2 | Noticed Polyphemus
 10487 | Shoals:3 | Found Ynaih's Antique Armour Emporium.
 10792 | Shoals:3 | Bought a smoking scale mail for 288 gold pieces
 10792 | Shoals:3 | good no?
 10796 | Shoals:3 | Identified the cursed +1 scale mail "Ichaxevu" {rPois rN+ MR+ Dex+3} (You bought it in a shop on level 3 of the Shoals)
 10797 | Shoals:3 | no?
 10810 | Shoals:3 | iso demon trident
 10811 | Shoals:4 | Entered Level 4 of the Shoals
 11106 | Shoals:4 | Reached XP level 15. HP: 97/119 MP: 21/21
 11166 | Shoals:4 | Reached skill level 15 in Dodging
 11222 | Shoals:4 | Reached skill level 23 in Polearms
 11343 | Shoals:4 | orly
 11512 | Shoals:4 | Got a barnacled rune of Zot
 11513 | Shoals:4 | no demon
 11757 | Shoals:4 | Noticed Ilsuiw
 11777 | Shoals:4 | Killed Ilsuiw
 12030 | Shoals:3 | Reached skill level 24 in Polearms
 12491 | Lair:6   | Learned a level 2 spell: Cure Poison
 12606 | Lair:6   | Reached skill level 1 in Poison Magic
 12615 | Lair:6   | Reached skill level 1 in Charms
 12694 | Lair:6   | Reached skill level 1 in Air Magic
 12840 | Lair:5   | Reached skill level 1 in Spellcasting
 12890 | Lair:4   | Found a staircase to the Snake Pit.
 12973 | Lair:2   | Reached XP level 16. HP: 121/125 MP: 22/22
 13414 | D:13     | Learned a level 1 spell: Apportation
 13416 | D:13     | Learned a level 1 spell: Animate Skeleton
 13966 | D:15     | Found a staircase to the Depths.
 14184 | D:14     | Reached skill level 25 in Polearms
 14274 | D:15     | Killed from afar by a balrug

Vault maps used:
D:1:      ncdulo_watergridlock, serial_co_window_serial, co_window_corner_a,
          co_window_paths_a, co_window_paths_a, co_window_paths_b,
          co_window_of_opportunity_a, co_window_broadway_b, co_window_2corner,
          co_window_corner_b, glass_columns_a, glass_columns_a, glass_columns_c
D:2:      uniq_terence
D:3:      nicolae_gozag_cash_rules_everything_around_me,
          nicolae_overflow_crystal_walls, grunt_qazlal_sundering
D:5:      cheibrodos_ashenzari_chains, first_bread, okawaru_gym_becter
D:6:      minmay_temple_entry_glassed_door, portal_sewer_entry_b, st_stairs_9
D:7:      grunt_pakellas_sulfur, marbit_many_paths
D:8:      gammafunk_temple_overflow_claw, hangedman_tree_tricks,
          serial_park_tiny_pond
D:9:      old_standard_altar, hiddenorc1_lemuel
D:11:     lair_0_dummy
D:12:     spider_trap, minivault_27
D:13:     david_vaults_5, bh_walls_and_bars
D:14:     minivault_25, kennysheep_kite_vault
D:15:     grunt_enter_depths_snipers, minmay_misc_feat_alley
Temple:   roderic_octagonal_lattice_temple
Lair:1:   bh_autumn_forest_stairs, grunt_megastairs_4
Lair:2:   beast_lair_carwin_large_3, forest_entry_grove, grunt_megastairs_3
Lair:3:   boulder_dual_corridor_run, serial_bayou_shore_a
Lair:4:   guppyfry_snake_entry_island
Lair:5:   lab_entry_generic, beast_lair_carwin_2
Lair:6:   elwin_shoals_entry_rocks, slime_altar_1, minmay_lair_oklob_bushes
Lair:7:   st_stairs_10, beast_lair_carwin_6
Lair:8:   minmay_lair_end_frog_pond, st_stairs_4, minivault_25, uniq_maud,
          uniq_nessos
Shoals:1: serial_shops, freezing_bzr
Shoals:2: uniq_polyphemus, uniq_roxanne
Shoals:3: cheibrodos_shoals_roost, serial_shops, shop,
          nicolae_shoals_square_sea_wall
Shoals:4: shoals_end_grunt_ice, shoals_ilsuiw_alternative, uniq_ilsuiw
Orc:1:    basic_altar
Orc:2:    st_orc_mages, nicolae_orc_sculptors_studio
Elf:1:    minmay_elf_arrival_summoners, serial_shops, shop_fountains, shop,
          shop, nicolae_shop_overgrown_old_shop, nicolae_shop_crystal,
          orc_legates
Lab:      labyrinth_mini_lab
Bazaar:   bazaar_kb_twisted_cavern
Sewer:    sewer_co_scattered_pipes

Action                   |  1- 3 |  4- 6 |  7- 9 | 10-12 | 13-15 | 16-18 || total
-------------------------+-------+-------+-------+-------+-------+-------++-------
Melee: Trident           |    87 |   165 |   151 |   471 |   282 |    30 ||  1186
       Halberd           |       |       |   236 |   479 |  1345 |   274 ||  2334
 Fire: Blowgun           |       |       |       |     6 |       |       ||     6
 Cast: Repel Missiles    |       |       |       |       |       |     2 ||     2
Invok: Lesser Servant of |       |       |     1 |     6 |    21 |     5 ||    33
       Greater Servant o |       |       |       |       |     2 |     5 ||     7
       Minor Destruction |       |       |       |       |     3 |       ||     3
Evoke: Wand              |       |       |    11 |    10 |     6 |       ||    27
       Rod               |       |       |       |       |       |     2 ||     2
  Use: Potion            |     1 |     5 |     2 |     5 |     6 |       ||    19
       Scroll            |       |     4 |     6 |    11 |    18 |     6 ||    45
 Stab: Confused          |       |       |     1 |       |       |       ||     1
       Distracted        |       |       |       |     4 |    16 |     4 ||    24
       Sleeping          |       |       |       |     1 |    16 |       ||    17
       Invisible         |       |       |       |       |     4 |       ||     4
  Eat: Chunk             |       |       |    16 |    21 |    14 |     6 ||    57
       Royal jelly       |       |       |       |       |     4 |       ||     4
       Pizza             |       |       |       |       |     1 |     1 ||     2
